AoeStats
← Sim90

Arabian Desert

508825629Analyzed
1v1 RM · 8d ago on Sep 24, 2026· 27m 12s· 2 players
Game mode
Random Map
Map size
Tiny (2 player)
Population
200
Speed
Normal
Resources
Standard
Victory
Conquest
Starting age
Dark Age
Ending age
Imperial Age
RankedLock teamsTeams togetherTeam positionsShared explorationLock speedFull tech treeHidden civsTurbo modeCheats
Victory
Defeat
🇪🇨 Portuguese · Ecuador
885
+15
🇦🇺 Cumans · Australia
853
-15
Sim90
6:49 Loom
10:10 Feudal Age
10:44 Double-Bit Axe
24:53 Town Watch
25:45 Wheelbarrow
Mr. Dillon
10:07 Feudal Age
13:26 Loom
14:11 Man-at-Arms
21:36 Castle Age
21:02 Forging
21:08 Bloodlines
24:28 Gold Mining
24:56 Double-Bit Axe
Connection lost

Rejoining the realm…

Still unreachable

The connection could not be restored.

Session expired

The server has moved on; the page needs a fresh start.